 Dungeon Crawl Stone Soup version 0.18.1-50-g88ac8fd (webtiles) character file.

6904 Drunkenshrew the Carver (level 10, -12/83 HPs)
             Began as a Red Draconian Skald on Sept 23, 2016.
             Was a Follower of Sif Muna.
             Killed from afar by Fannar (43 damage)
             ... with a bolt of cold
             ... on level 1 of the Lair of Beasts.
             The game lasted 00:54:33 (8672 turns).

Drunkenshrew the Carver (Red Draconian Skald)       Turns: 8672, Time: 00:54:33

Health: -12/83     AC: 21    Str: 18    XL:     10   Next: 79%
Magic:  14/15      EV: 12    Int: 12    God:    Sif Muna [*.....]
Gold:   348        SH:  6    Dex: 11    Spells: 2 memorised, 12 levels left

rFire  + . .     SeeInvis .     r - +2 scimitar (venom)
rCold  x . .     Gourm    .     (armour unavailable)
rNeg   . . .     Faith    .     (no shield)
rPois  +         Spirit   .     p - +2 hat {MR+}
rElec  +         Dismiss  .     w - +2 cloak
rCorr  .         Reflect  +     h - +1 pair of gloves
SustAt .         Harm     .     n - +2 pair of boots
MR     +....                    q - amulet of the Fifty Lives {Reflect Fragile rElec rPois rC- SH+6}
Stlth  ++........               z - ring of stealth
                                g - +3 ring of protection

@: infused (expiring), somewhat resistant to hostile enchantments, unstealthy
A: breathe fire, unfitting armour, talons 1, fire resistance 1, shaggy fur 1,
cold-blooded, AC +7
a: Breathe Fire, Channel Energy, Renounce Religion


You were on level 1 of the Lair of Beasts.
You worshipped Sif Muna.
Sif Muna was aware of your devotion.
You were not hungry.

You visited 3 branches of the dungeon, and saw 12 of its levels.

You collected 650 gold pieces.
You spent 302 gold pieces at shops.

Inventory:

Hand Weapons
 r - a +2 scimitar of venom (weapon)
Armour
 h - a +1 pair of gloves (worn)
 n - a +2 pair of boots (worn)
 p - a +2 hat of magic resistance (worn)
 w - a +2 cloak (worn)
Magical Staves
 A - an uncursed staff of poison
 E - an uncursed staff of cold
Jewellery
 g - a +3 ring of protection (left hand)
 q - the amulet of the Fifty Lives (around neck) {Reflect Fragile rElec rPois rC- SH+6}
   (You found it on level 7 of the Dungeon)

   [amulet of reflection]

   It shields you and reflects attacks.
   It makes you vulnerable to cold.
   It insulates you from electricity.
   It protects you from poison.
   It will be destroyed if unequipped.
   It affects your SH (+6).
 z - a ring of stealth (right hand)
 C - an uncursed ring of magical power
Wands
 u - a wand of digging (10/24)
 B - a wand of paralysis (14/24)
 J - a wand of polymorph (5/24)
 N - a wand of slowing (11/48)
Scrolls
 b - 4 scrolls of remove curse
 d - a scroll of amnesia
 j - 2 scrolls of blinking
 m - 2 scrolls of magic mapping
 o - 3 scrolls of teleportation
 s - a scroll of fog
Potions
 c - 2 potions of heal wounds
 e - a potion of curing
 i - a potion of flight
 k - 2 potions of brilliance
 x - 2 potions of mutation
 D - 4 potions of lignification
 F - a potion of magic
 G - a potion of cancellation
 K - a potion of agility
Books
 a - a book of Battle

   Spells                             Type                      Level
   a - Infusion                       Charms                       1
   b - Shroud of Golubria             Charms/Translocation         2
   c - Song of Slaying                Charms                       2
   d - Spectral Weapon                Hexes/Charms                 3
   e - Regeneration                   Charms/Necromancy            3
 t - a book of Transfigurations

   Spells                             Type                      Level
   a - Irradiate                      Conjuration/Transmutation    5
   b - Statue Form                    Transmutation/Earth          6
   c - Hydra Form                     Transmutation                6
   d - Dragon Form                    Transmutation                7
 v - a book of Envenomations

   Spells                             Type                      Level
   a - Spider Form                    Transmutation/Poison         3
   b - Olgreb's Toxic Radiance        Poison                       4
   c - Alistair's Intoxication        Transmutation/Poison         5
   d - Poisonous Cloud                Conjuration/Poison/Air       6
 M - a book of Clouds

   Spells                             Type                      Level
   a - Mephitic Cloud                 Conjuration/Poison/Air       3
   b - Conjure Flame                  Conjuration/Fire             3
   c - Poisonous Cloud                Conjuration/Poison/Air       6
   d - Freezing Cloud                 Conjuration/Ice/Air          6
   e - Ring of Flames                 Charms/Fire                  7
Comestibles
 f - 5 beef jerkies
 H - 3 slices of pizza
 I - a bread ration


   Skills:
 - Level 6.1 Fighting
 + Level 9.9 Long Blades
 - Level 1.3 Dodging
 - Level 5.2 Unarmed Combat
 - Level 3.9 Spellcasting
 - Level 5.1 Charms
 - Level 4.6 Necromancy
   Level 8.0 Transmutations


You had 12 spell levels left.
You knew the following spells:

 Your Spells              Type           Power        Failure   Level  Hunger
a - Infusion              Chrm           ##..         2%          1    #......
c - Regeneration          Chrm/Necr      ##........   12%         3    ###....


Dungeon Overview and Level Annotations

Branches:
Dungeon (10/15)            Temple (1/1) D:7            Lair (1/8) D:10
    Orc (0/2) D:10

Altars:
Ashenzari
Cheibriados
Dithmenos
Elyvilon
Fedhas
Gozag
Kikubaaqudgha
Makhleb
Nemelex Xobeh
Okawaru
Pakellas
Qazlal
Ru
Sif Muna
Trog
Vehumet
Xom
Yredelemnul
Zin
The Shining One

Shops:
D:5 *[%(?

Annotations:
Lair:1 Fannar


Innate Abilities, Weirdness & Mutations

You can breathe blasts of fire.
Your fiery red scales are hard (AC +7).
Your body does not fit into most forms of armour.
Your flesh is heat resistant.
You are cold-blooded and may be slowed by cold attacks.
You have sharp toenails.
You are covered in fur (AC +1).


Message History

You barely miss Fannar. You tail-slap Fannar.
Fannar is heavily wounded.
You block Fannar's attack. The ice beast barely misses you.
The ice beast hits you. The ice beast freezes you!!
You feel a terrible chill!
You closely miss Fannar. You tail-slap Fannar, but do no damage.
Fannar is heavily wounded.
The ice beast hits you but does no damage.
Fannar hits you but does no damage.
The ice beast hits you but does no damage.
You hit Fannar.
Fannar is heavily wounded.
You block the ice beast's attack. Fannar closely misses you.
The ice beast barely misses you.
You closely miss Fannar. You tail-slap Fannar.
Fannar is severely wounded.
The ice beast hits you but does no damage.
Fannar casts a spell at you. The bolt of cold hits you!
You feel a terrible chill!
Ouch! That really hurt!
You die...

.#.#....).
..........
##.........
##..........
##.........!.
#............
#..<.......
#..........
##.@Y......
#.Ye......
#.........
##........
##.......
.##.... ##
P##. #


You could see Fannar and 2 ice beasts.

Vanquished Creatures
  2 trolls (D:9)
  A two-headed ogre (D:8)
  Grinder (D:5)
  A human (D:7)
  Eustachio (D:6)
  4 yaks (D:9)
  Grum (D:10)
  2 hippogriffs
  Menkaure (D:5)
  Edmund (D:6)
  A porcupine (D:10)
  A sky beast (D:5)
  3 orc warriors
  3 phantoms
  A black bear (D:7)
  3 ice beasts
  5 ogres
  2 wolves (D:10)
  3 centaurs
  A crocodile (D:10)
  The ghost of veneficus the Vexing, an amateur SpEn (D:3)
  7 giant frogs
  A wyvern zombie (D:7)
  A scorpion (D:4)
  4 killer bees (D:8)
  A wight (D:8)
  3 electric eels (D:10)
  A howler monkey (D:9)
  A giant frog zombie (D:7)
  4 crimson imps
  A jelly (D:9)
  9 hounds
  3 centaur skeletons
  3 orc priests
  Crazy Yiuf (D:4)
  A hell rat (D:10)
  9 iguanas
  9 orc wizards
  3 worker ants
  4 sheep (D:7)
  A hound zombie (D:9)
  A hound skeleton (D:7)
  A worker ant zombie (D:7)
  10 adders
  5 gnolls
  A howler monkey skeleton (D:8)
  An ooze (D:2)
  An adder skeleton (D:6)
  2 adder zombies
  5 worms
  2 dart slugs
  6 giant geckos
  25 orcs
  3 ball pythons
  2 giant cockroaches
  9 goblins
  7 hobgoblins
  7 jackals
  4 kobolds
  3 quokkas
  7 bats
  5 giant newts
  2 rats (D:1)
  A fungus (D:4)
216 creatures vanquished.

Vanquished Creatures (others)
  A centaur (D:9)
  A rat (D:10)
2 creatures vanquished.

Grand Total: 218 creatures vanquished

Notes
Turn   | Place    | Note
--------------------------------------------------------------
     0 | D:1      | Drunkenshrew the Draconian Skald began the quest for the Orb.
     0 | D:1      | Reached XP level 1. HP: 17/17 MP: 3/3
   121 | D:1      | Reached XP level 2. HP: 16/24 MP: 1/5
   474 | D:1      | Reached XP level 3. HP: 29/29 MP: 2/6
   893 | D:2      | Found a shadowy altar of Dithmenos.
  1141 | D:2      | Reached XP level 4. HP: 31/38 MP: 2/7
  1208 | D:3      | Noticed veneficus's ghost (amateur SpEn)
  1228 | D:3      | HP: 2/57 [veneficus's ghost (2)]
  1236 | D:3      | Killed veneficus's ghost
  1236 | D:3      | Reached XP level 5. HP: 3/46 MP: 4/8
  1238 | D:3      | HP: 2/69 [worm (1)]
  1277 | D:3      | HP: 2/46 [quokka (5)]
  2134 | D:4      | Found a glowing golden altar of the Shining One.
  2211 | D:4      | Reached XP level 6. HP: 39/53 MP: 3/9
  2758 | D:4      | Noticed Crazy Yiuf
  2770 | D:4      | Killed Crazy Yiuf
  2837 | D:5      | Entered Level 5 of the Dungeon
  2837 | D:5      | Noticed Menkaure
  2848 | D:5      | Killed Menkaure
  2848 | D:5      | Reached skill level 5 in Fighting
  2915 | D:5      | Found Pusoe's Weapon Shop.
  3004 | D:5      | Noticed a sky beast
  3011 | D:5      | Your scales start taking on a fiery red colour.
  3011 | D:5      | Reached XP level 7. HP: 62/62 MP: 4/10
  3011 | D:5      | Gained mutation: Your flesh is heat resistant. [Red Draconian growth]
  3018 | D:5      | Reached skill level 5 in Unarmed Combat
  3027 | D:5      | Learned a level 7 spell: Dragon Form
  3182 | D:5      | Found Zeaq's Assorted Antiques.
  3388 | D:5      | Learned a level 3 spell: Regeneration
  3405 | D:5      | Noticed Grinder
  3407 | D:5      | Paralysed by Grinder for 3 turns
  3426 | D:5      | Killed Grinder
  3426 | D:5      | Reached skill level 5 in Charms
  3426 | D:5      | Reached XP level 8. HP: 34/70 MP: 9/13
  3606 | D:5      | Found Tychy's Food Boutique.
  3661 | D:5      | Reached skill level 1 in Transmutations
  3701 | D:5      | Found Letioco's Magic Scroll Boutique.
  3717 | D:5      | Bought a scroll of brand weapon for 220 gold pieces
  3759 | D:5      | Found Mefuseil's Armour Shoppe.
  3782 | D:5      | Reached skill level 1 in Long Blades
  4106 | D:5      | Bought a scroll of enchant weapon for 82 gold pieces
  4161 | D:6      | Noticed Eustachio
  4171 | D:6      | Killed Eustachio
  4171 | D:6      | Reached skill level 2 in Long Blades
  4432 | D:6      | Noticed Edmund
  4441 | D:6      | Killed Edmund
  4441 | D:6      | Reached skill level 3 in Long Blades
  4607 | D:6      | Reached skill level 4 in Long Blades
  4986 | D:6      | Reached skill level 5 in Transmutations
  4986 | D:6      | Reached XP level 9. HP: 72/75 MP: 14/14
  5280 | D:7      | Found a snail-covered altar of Cheibriados.
  5290 | D:7      | Reached skill level 5 in Long Blades
  5349 | D:7      | Got a bound pewter amulet
  5354 | D:7      | Identified the amulet of the Fifty Lives {Reflect Fragile rElec rPois rC- SH+6} (You found it on level 7 of the Dungeon)
  5382 | D:7      | Found a staircase to the Ecumenical Temple.
  5412 | Temple   | Entered the Ecumenical Temple
  5485 | Temple   | Became a worshipper of Sif Muna the Loreminder
  5834 | D:7      | Found a shattered altar of Ashenzari.
  5864 | D:7      | Found a sacrificial altar of Ru.
  5864 | D:7      | Found an oddly glowing altar of Pakellas.
  6109 | D:7      | Reached skill level 6 in Long Blades
  6435 | D:8      | Reached skill level 7 in Long Blades
  7033 | D:8      | Reached XP level 10. HP: 44/83 MP: 9/15
  7087 | D:9      | Reached * piety under Sif Muna
  7283 | D:9      | Reached skill level 8 in Long Blades
  7283 | D:9      | Reached skill level 1 in Necromancy
  7506 | D:9      | Reached skill level 9 in Long Blades
  7613 | D:9      | Found a sacrificial altar of Ru.
  7614 | D:9      | Gained mutation: You tend to lose your temper in combat. [potion of mutation]
  7614 | D:9      | Gained mutation: You are dopey. (Int -2) [potion of mutation]
  7614 | D:9      | Gained mutation: You are covered in fur (AC +1). [potion of mutation]
  7615 | D:9      | Lost mutation: You are dopey. (Int -2) [potion of cure mutation]
  7615 | D:9      | Lost mutation: You tend to lose your temper in combat. [potion of cure mutation]
  7823 | D:10     | Entered Level 10 of the Dungeon
  7823 | D:10     | Noticed Grum
  7842 | D:10     | Killed Grum
  7900 | D:10     | Found a white marble altar of Elyvilon.
  7982 | D:10     | Found a staircase to the Orcish Mines.
  8106 | D:10     | Found a staircase to the Lair.
  8489 | D:10     | Gained mutation: You have sharp toenails. [potion of beneficial mutation]
  8646 | Lair:1   | Entered Level 1 of the Lair of Beasts
  8646 | Lair:1   | Noticed Fannar
  8672 | Lair:1   | Killed from afar by Fannar

Skill      XL: |  1  2  3  4  5  6  7  8  9 10 |
---------------+-------------------------------+-----
Charms         | 3 4 5 |  5.1
Fighting       | 3 4 5 6 |  6.1
Unarmed Combat | 3 4 5 |  5.2
Spellcasting   | 3 |  3.9
Transmutations | 5 7 8 |  8.0
Long Blades    | 4 7 9 |  9.9
Necromancy     | 4 |  4.6
Dodging        | |  1.3

Action                   |  1- 3 |  4- 6 |  7- 9 | 10-12 || total
-------------------------+-------+-------+-------+-------++-------
Melee: Unarmed           |   170 |   155 |    79 |       ||   404
       Tailslap          |    18 |    15 |    62 |    30 ||   125
       Punch             |     1 |       |     8 |     6 ||    15
       Scimitar          |       |       |   348 |   235 ||   583
 Cast: Infusion          |    16 |    18 |    20 |     7 ||    61
       Regeneration      |       |       |       |    14 ||    14
Evoke: Wand              |       |       |     1 |       ||     1
  Use: Scroll            |       |     7 |    10 |    12 ||    29
       Potion            |       |     5 |       |     5 ||    10
 Stab: Sleeping          |       |       |     8 |       ||     8
  Eat: Fruit             |     2 |       |       |       ||     2
       Bread ration      |       |     1 |     3 |       ||     4
       Pizza             |       |     2 |     1 |     4 ||     7
Armor: Skin              |    89 |    68 |   202 |    97 ||   456
Dodge: Dodged            |   122 |    68 |   211 |   120 ||   521
Block: Other             |       |       |    43 |    67 ||   110
       Reflection        |       |       |       |     2 ||     2
